| TOP OF THE 1ST |
|
Dunedin Rangers batting - Pitching for Tampa Twisters : LHP Andrew Ortiz
|
|
Pitching: LHP Andrew Ortiz
|
|
|
Batting: RHB Jacob Brumfield
|
0-0: Called Strike 0-1: Called Strike 0-2: Ball 1-2: SINGLE (Line Drive, 5D, EV 99.4 MPH)
|
|
Batting: LHB Curt Ford
|
0-0: Called Strike 0-1: Swinging Strike 0-2: Ball 1-2: Ball 2-2: Foul Ball, location: 2F 2-2: Fielders Choice at 2nd, 4-6 (Groundball, 4, EV 102.5 MPH)
|
|
Batting: LHB La Schelle Tarver
|
0-0: Called Strike 0-1: Ball 1-1: Ball 2-1: Fly out, F8 (Flyball, 8LM, EV 93.8 MPH)
|
|
Batting: RHB Glenn Wilson
|
0-0: Ball 1-0: Ball 2-0: Ball 3-0: Called Strike 3-1: Called Strike 3-2: SINGLE (Flyball, 78S, EV 93.8 MPH) Curt Ford to second Curt Ford to third
|
|
Batting: RHB John Gibbons
|
0-0: Ball 1-0: Ground out 4-3 (Groundball, 4, EV 85.6 MPH)
|
| Top of the 1st over - 0 runs, 2 hits, 0 errors, 2 left on base; Dunedin 0 - Tampa 0 |
| BOTTOM OF THE 1ST |
|
Tampa Twisters batting - Pitching for Dunedin Rangers : RHP Ron Darling
|
|
Pitching: RHP Ron Darling
|
|
|
Batting: RHB John Hotchkiss
|
0-0: Ball 1-0: Called Strike 1-1: Ball 2-1: Foul Ball, location: 2F 2-2: Strikes out swinging
|
|
Batting: RHB Jim Olander
|
0-0: Ball 1-0: Fly out, F9 (Flyball, 89XD, EV 98.8 MPH)
|
|
Batting: RHB Basil Tennell
|
0-0: Ball 1-0: Called Strike 1-1: Foul Ball, location: 2F 1-2: Foul Ball, location: 2F 1-2: Foul Ball, location: 2F 1-2: Ball 2-2: Ground out 4-3 (Groundball, 4, EV 81.9 MPH)
|
| Bottom of the 1st over - 0 runs, 0 hits, 0 errors, 0 left on base; Dunedin 0 - Tampa 0 |
| TOP OF THE 2ND |
|
Dunedin Rangers batting - Pitching for Tampa Twisters : LHP Andrew Ortiz
|
|
Batting: LHB Ty Van Burkleo
|
0-0: Ball 1-0: Called Strike 1-1: Swinging Strike 1-2: Ball 2-2: Strikes out looking
|
|
Batting: RHB Edgar Martinez
|
0-0: Ball 1-0: Foul Ball, location: 2F 1-1: Ball 2-1: TRIPLE (Line Drive, 78XD, EV 103.8 MPH)
|
|
Batting: RHB Gary Thurman
|
0-0: Fly out, F7 (Line Drive, 7D, EV 111.3 MPH) Runner from 3rd tags up, SCORES, throw by LF
|
|
Batting: RHB Ron Gant
|
0-0: Ball 1-0: Foul Ball, location: 2F 1-1: Ball 2-1: Fly out, F9 (Flyball, 9S, EV 95.6 MPH)
|
| Top of the 2nd over - 1 run, 1 hit, 0 errors, 0 left on base; Dunedin 1 - Tampa 0 |
| BOTTOM OF THE 2ND |
|
Tampa Twisters batting - Pitching for Dunedin Rangers : RHP Ron Darling
|
|
Batting: LHB Jose Tolentino
|
0-0: Ball 1-0: Called Strike 1-1: SOLO HOME RUN (Flyball, 89XD, EV 99.4 MPH), Distance : 410 ft
|
|
Batting: LHB Jordan Berge
|
0-0: Fly out, F3 (Popup, 3F, EV 70.6 MPH)
|
|
Batting: RHB Andres Thomas
|
0-0: Called Strike 0-1: Ball 1-1: Swinging Strike 1-2: Foul Ball, location: 2F 1-2: Ball 2-2: Ball 3-2: Strikes out looking
|
|
Batting: RHB Scott Earl
|
0-0: Ball 1-0: Foul Ball, location: 2F 1-1: Ball 2-1: Swinging Strike 2-2: Ball 3-2: Base on Balls
|
|
Batting: RHB Benito Santiago
|
0-0: Called Strike 0-1: Ball Scott Earl is caught stealing 2nd base 2-4
|
| Bottom of the 2nd over - 1 run, 1 hit, 0 errors, 0 left on base; Dunedin 1 - Tampa 1 |
| TOP OF THE 3RD |
|
Dunedin Rangers batting - Pitching for Tampa Twisters : LHP Andrew Ortiz
|
|
Batting: RHB Jacob Brumfield
|
0-0: Ground out 4-3 (Groundball, 4S, EV 91.3 MPH)
|
|
Batting: LHB Curt Ford
|
0-0: Ball 1-0: Ball 2-0: Foul Ball, location: 2F 2-1: Ground out 5-3 (Groundball, 56, EV 98.1 MPH)
|
|
Batting: LHB La Schelle Tarver
|
0-0: Called Strike 0-1: Called Strike 0-2: Ball 1-2: Ball 2-2: Ball 3-2: SINGLE (Line Drive, 78S, EV 101.9 MPH)
|
|
Batting: RHB Glenn Wilson
|
0-0: Called Strike 0-1: Called Strike 0-2: 2-RUN HOME RUN (Flyball, 7LD, EV 92.5 MPH), Distance : 346 ft
|
|
Batting: RHB John Gibbons
|
0-0: Ball 1-0: Foul Ball, location: 2F 1-1: DOUBLE (Line Drive, 5D, EV 93.8 MPH)
|
|
Batting: LHB Ty Van Burkleo
|
0-0: Swinging Strike 0-1: Ball 1-1: Ball 2-1: Foul Ball, location: 2F 2-2: Ball 3-2: Foul Ball, location: 2F 3-2: Strikes out swinging
|
| Top of the 3rd over - 2 runs, 3 hits, 0 errors, 1 left on base; Dunedin 3 - Tampa 1 |
| BOTTOM OF THE 3RD |
|
Tampa Twisters batting - Pitching for Dunedin Rangers : RHP Ron Darling
|
|
Batting: RHB Benito Santiago
|
0-0: Swinging Strike 0-1: Foul Ball, location: 2F 0-2: Foul Ball, location: 2F 0-2: Ball 1-2: Strikes out looking
|
|
Batting: LHB Alex Castaneda
|
0-0: Ball 1-0: Ground out 6-3 (Groundball, 6M, EV 91.3 MPH)
|
|
Batting: RHB John Hotchkiss
|
0-0: Ball 1-0: Foul Ball, location: 2F 1-1: Ball 2-1: Foul Ball, location: 2F 2-2: Reached on error, E5 (Groundball, 56D, EV 91.3 MPH)
|
|
Batting: RHB Jim Olander
|
0-0: Ball Wild Pitch! John Hotchkiss to third 1-0: Ball 2-0: Fly out, F7 (Flyball, 78XD, EV 105.0 MPH)
|
| Bottom of the 3rd over - 0 runs, 0 hits, 1 error, 1 left on base; Dunedin 3 - Tampa 1 |
| TOP OF THE 4TH |
|
Dunedin Rangers batting - Pitching for Tampa Twisters : LHP Andrew Ortiz
|
|
Batting: RHB Edgar Martinez
|
0-0: Ball 1-0: Foul Ball, location: 2F 1-1: Foul Ball, location: 2F 1-2: Strikes out swinging
|
|
Batting: RHB Gary Thurman
|
0-0: Ball 1-0: Called Strike 1-1: Ball 2-1: Ball 3-1: Reached on error, E3 (Groundball, 3, EV 90.6 MPH)
|
|
Batting: RHB Ron Gant
|
Pickoff Throw to First - Error! E1 Gary Thurman to second 0-0: Ball 1-0: Called Strike 1-1: Swinging Strike 1-2: Foul Ball, location: 2F 1-2: Ball 2-2: Ball 3-2: Foul Ball, location: 2F 3-2: Strikes out looking
|
|
Batting: RHB Jacob Brumfield
|
0-0: Called Strike 0-1: Ball Wild Pitch! Gary Thurman to third 1-1: Swinging Strike 1-2: Ball 2-2: Ball 3-2: Strikes out looking
|
| Top of the 4th over - 0 runs, 0 hits, 2 errors, 1 left on base; Dunedin 3 - Tampa 1 |
| BOTTOM OF THE 4TH |
|
Tampa Twisters batting - Pitching for Dunedin Rangers : RHP Ron Darling
|
|
Batting: RHB Basil Tennell
|
0-0: Swinging Strike 0-1: Ball 1-1: SINGLE (Groundball, 3D, EV 98.1 MPH)
|
|
Batting: LHB Jose Tolentino
|
0-0: Foul Ball, location: 2F 0-1: Ball 1-1: Foul Ball, location: 2F 1-2: Ball 2-2: Ball 3-2: Base on Balls Basil Tennell to second
|
|
Batting: LHB Jordan Berge
|
0-0: Ball 1-0: Reached via error on a dropped throw from 2B, E6 (Groundball, 4, EV 83.8 MPH) Basil Tennell to third Jose Tolentino to second
|
|
Batting: RHB Andres Thomas
|
0-0: Fly out, F3 (Popup, 3F, EV 65.0 MPH)
|
|
Batting: RHB Scott Earl
|
0-0: Swinging Strike 0-1: Foul Ball, location: 2F 0-2: Ball 1-2: Foul Ball, location: 2F 1-2: Ball 2-2: Ball 3-2: Fly out, F6 (Popup, 6MD, EV 43.1 MPH)
|
|
Batting: RHB Benito Santiago
|
0-0: Called Strike 0-1: Called Strike 0-2: Ball 1-2: Foul Ball, location: 2F 1-2: DOUBLE (Flyball, 8LXD, EV 112.5 MPH) Basil Tennell scores Jose Tolentino scores Jordan Berge to third Runner from 3rd tries for Home, SAFE, no throw by CF
|
|
Batting: LHB Alex Castaneda
|
0-0: Ball 1-0: Foul Ball, location: 2F 1-1: Swinging Strike 1-2: Ground out U3 (Groundball, 3, EV 84.4 MPH)
|
| Bottom of the 4th over - 3 runs, 2 hits, 1 error, 1 left on base; Dunedin 3 - Tampa 4 |
| TOP OF THE 5TH |
|
Dunedin Rangers batting - Pitching for Tampa Twisters : LHP Andrew Ortiz
|
|
Batting: LHB Curt Ford
|
0-0: Called Strike 0-1: Ball 1-1: Ball 2-1: DOUBLE (Groundball, 5L, EV 109.4 MPH)
|
|
Batting: LHB La Schelle Tarver
|
0-0: Foul Ball, location: 2F 0-1: Fly out, F7 (Flyball, 7D, EV 81.9 MPH)
|
|
Batting: RHB Glenn Wilson
|
0-0: Ball 1-0: Fly out, F8 (Line Drive, 8RM, EV 110.0 MPH)
|
|
Batting: RHB John Gibbons
|
0-0: Called Strike 0-1: Ball 1-1: Ball 2-1: Swinging Strike 2-2: Ball 3-2: Strikes out looking
|
| Top of the 5th over - 0 runs, 1 hit, 0 errors, 1 left on base; Dunedin 3 - Tampa 4 |
| BOTTOM OF THE 5TH |
|
Tampa Twisters batting - Pitching for Dunedin Rangers : RHP Ron Darling
|
|
Batting: RHB John Hotchkiss
|
0-0: Foul Ball, location: 2F 0-1: Called Strike 0-2: Foul Ball, location: 2F 0-2: Ball 1-2: Foul Ball, location: 2F 1-2: Ground out 6-3 (Groundball, 6, EV 88.8 MPH)
|
|
Batting: RHB Jim Olander
|
0-0: Foul Ball, location: 2F 0-1: Called Strike 0-2: Foul Ball, location: 2F 0-2: Strikes out swinging
|
|
Batting: RHB Basil Tennell
|
0-0: Swinging Strike 0-1: Ground out 2-3 (Groundball, 13S, EV 70.0 MPH)
|
| Bottom of the 5th over - 0 runs, 0 hits, 0 errors, 0 left on base; Dunedin 3 - Tampa 4 |
| TOP OF THE 6TH |
|
Dunedin Rangers batting - Pitching for Tampa Twisters : LHP Andrew Ortiz
|
|
Batting: LHB Ty Van Burkleo
|
0-0: Called Strike 0-1: Called Strike 0-2: Foul Ball, location: 2F 0-2: SINGLE (Popup, 56D, EV 53.8 MPH)
|
|
Pitching: RHP Kevin Gordon
|
|
|
Batting: RHB Edgar Martinez
|
0-0: Ball 1-0: Called Strike 1-1: Ball 2-1: Sac Bunt to 25 - play at first, batter OUT! 5-3 Ty Van Burkleo to second
|
|
Batting: RHB Gary Thurman
|
0-0: Ball 1-0: Ball 2-0: Foul Ball, location: 2F 2-1: Foul Ball, location: 2F 2-2: Ball 3-2: Strikes out swinging
|
|
Batting: RHB Ron Gant
|
0-0: Foul Ball, location: 2F 0-1: Ball 1-1: Foul Ball, location: 2F 1-2: Strikes out swinging
|
| Top of the 6th over - 0 runs, 1 hit, 0 errors, 1 left on base; Dunedin 3 - Tampa 4 |
| BOTTOM OF THE 6TH |
|
Tampa Twisters batting - Pitching for Dunedin Rangers : RHP Ron Darling
|
|
Batting: LHB Jose Tolentino
|
0-0: Called Strike 0-1: Foul Ball, location: 2F 0-2: Ball 1-2: Strikes out looking
|
|
Batting: LHB Jordan Berge
|
0-0: Foul Ball, location: 2F 0-1: Called Strike 0-2: Ball 1-2: Ground out 5-3 (Groundball, 56S, EV 86.9 MPH)
|
|
Batting: RHB Andres Thomas
|
0-0: Fly out, F7 (Flyball, 7LD, EV 91.9 MPH)
|
| Bottom of the 6th over - 0 runs, 0 hits, 0 errors, 0 left on base; Dunedin 3 - Tampa 4 |
| TOP OF THE 7TH |
|
Dunedin Rangers batting - Pitching for Tampa Twisters : RHP Kevin Gordon
|
|
Batting: RHB Jacob Brumfield
|
0-0: Ball 1-0: Ball 2-0: Foul Ball, location: 2F 2-1: Swinging Strike 2-2: Ground out 3-1 (Groundball, 34, EV 80.0 MPH)
|
|
Batting: LHB Curt Ford
|
0-0: Ball 1-0: Ball 2-0: Fly out, F8 (Flyball, 8RM, EV 83.1 MPH)
|
|
Batting: LHB La Schelle Tarver
|
0-0: Called Strike 0-1: Foul Ball, location: 2F 0-2: Foul Ball, location: 2F 0-2: Ball 1-2: Foul Ball, location: 2F 1-2: Strikes out swinging
|
| Top of the 7th over - 0 runs, 0 hits, 0 errors, 0 left on base; Dunedin 3 - Tampa 4 |
| BOTTOM OF THE 7TH |
|
Tampa Twisters batting - Pitching for Dunedin Rangers : RHP Ron Darling
|
|
Batting: RHB Scott Earl
|
0-0: Ball 1-0: Ball 2-0: Ball 3-0: Called Strike 3-1: Foul Ball, location: 2F 3-2: Foul Ball, location: 2F 3-2: Fly out, F9 (Flyball, 89XD, EV 87.5 MPH)
|
|
Batting: RHB Benito Santiago
|
0-0: Called Strike 0-1: Ball 1-1: Ball 2-1: Swinging Strike 2-2: Ball 3-2: Strikes out swinging
|
|
Batting: LHB Alex Castaneda
|
0-0: SINGLE (Line Drive, 34D, EV 97.5 MPH)
|
|
Batting: RHB John Hotchkiss
|
0-0: Called Strike 0-1: Ball 1-1: Ball 2-1: Swinging Strike 2-2: Strikes out swinging
|
| Bottom of the 7th over - 0 runs, 1 hit, 0 errors, 1 left on base; Dunedin 3 - Tampa 4 |
| TOP OF THE 8TH |
|
Dunedin Rangers batting - Pitching for Tampa Twisters : RHP Kevin Gordon
|
|
Now in CF: Dave Klipstein
|
|
|
Batting: RHB Glenn Wilson
|
0-0: Ground out 5-3 (Groundball, 5, EV 83.8 MPH)
|
|
Batting: RHB John Gibbons
|
0-0: Ball 1-0: Ball 2-0: Ball 3-0: Foul Ball, location: 2F 3-1: Called Strike 3-2: Foul Ball, location: 2F 3-2: Base on Balls
|
|
Pitching: RHP Josias Manzanillo
|
|
|
Batting: LHB Ty Van Burkleo
|
0-0: Called Strike 0-1: Fly out, F8 (Line Drive, 8LM, EV 96.9 MPH)
|
|
Batting: RHB Edgar Martinez
|
0-0: Ball 1-0: 2-RUN HOME RUN (Flyball, 9D, EV 93.1 MPH), Distance : 375 ft
|
|
Batting: RHB Gary Thurman
|
0-0: Ball 1-0: Fly out, F7 (Flyball, 7S, EV 78.1 MPH)
|
| Top of the 8th over - 2 runs, 1 hit, 0 errors, 0 left on base; Dunedin 5 - Tampa 4 |
| BOTTOM OF THE 8TH |
|
Tampa Twisters batting - Pitching for Dunedin Rangers : RHP Ron Darling
|
|
Batting: RHB Jim Olander
|
0-0: DOUBLE (Line Drive, 8LXD, EV 105.6 MPH)
|
|
Batting: RHB Basil Tennell
|
0-0: Ground out 1-3 (Groundball, 15S, EV 65.6 MPH)
|
|
Batting: LHB Jose Tolentino
|
0-0: Ball 1-0: Foul Ball, location: 2F 1-1: Foul Ball, location: 2F 1-2: Ball 2-2: Strikes out swinging
|
|
Batting: LHB Jordan Berge
|
0-0: Ball 1-0: Ball 2-0: Ball 3-0: Called Strike 3-1: Base on Balls
|
|
Pinch Hitting: SHB Jack Daugherty
|
0-0: Called Strike 0-1: Fly out, F7 (Flyball, 78M, EV 81.3 MPH)
|
| Bottom of the 8th over - 0 runs, 1 hit, 0 errors, 2 left on base; Dunedin 5 - Tampa 4 |
| TOP OF THE 9TH |
|
Dunedin Rangers batting - Pitching for Tampa Twisters : RHP Josias Manzanillo
|
|
Now at SS: Terry Strickland
|
|
|
Batting: RHB Ron Gant
|
0-0: SOLO HOME RUN (Flyball, 7LD, EV 101.9 MPH), Distance : 354 ft
|
|
Batting: RHB Jacob Brumfield
|
0-0: Ball 1-0: Swinging Strike 1-1: Ball 2-1: Ball 3-1: Foul Ball, location: 2F 3-2: Base on Balls
|
|
Pitching: LHP Virgin Conley
|
|
|
Batting: LHB Curt Ford
|
0-0: Foul Ball, location: 2F 0-1: Foul Ball, location: 2F 0-2: Ball 1-2: Ball 2-2: Ball 3-2: Base on Balls Jacob Brumfield to second
|
|
Batting: LHB La Schelle Tarver
|
0-0: Ball 1-0: Fly out, F8 (Line Drive, 8LM, EV 86.3 MPH)
|
|
Batting: RHB Glenn Wilson
|
0-0: Called Strike 0-1: Ball 1-1: Swinging Strike 1-2: Strikes out swinging
|
|
Batting: RHB John Gibbons
|
0-0: Fly out, F7 (Flyball, 7D, EV 97.5 MPH)
|
| Top of the 9th over - 1 run, 1 hit, 0 errors, 2 left on base; Dunedin 6 - Tampa 4 |
| BOTTOM OF THE 9TH |
|
Tampa Twisters batting - Pitching for Dunedin Rangers : RHP Ron Darling
|
|
Pitching: RHP Juan Gonzalez
|
|
|
Now at 2B: Craig Goodin
|
|
|
Now at 3B: Danny Andrade
|
|
|
Batting: RHB Scott Earl
|
0-0: Foul Ball, location: 2F 0-1: Ball 1-1: Called Strike 1-2: Strikes out swinging
|
|
Batting: RHB Benito Santiago
|
0-0: Ball 1-0: Foul Ball, location: 2F 1-1: SOLO HOME RUN (Flyball, 7LD, EV 100.6 MPH), Distance : 352 ft
|
|
Batting: RHB Dave Klipstein
|
0-0: Called Strike 0-1: Fly out, F9 (Flyball, 9LS, EV 80.6 MPH)
|
|
Batting: RHB John Hotchkiss
|
0-0: Ball 1-0: Called Strike 1-1: Ball 2-1: Foul Ball, location: 2F 2-2: Strikes out swinging
|
| Bottom of the 9th over - 1 run, 1 hit, 0 errors, 0 left on base; Dunedin 6 - Tampa 5 |
|